 Dungeon Crawl Stone Soup version 0.26.1-11-gd32895ea62 (webtiles) character file.

Game seed: 16147873819767051203

474 Tirrikindir the Slasher (level 7, -5/47 HPs)
             Began as an Octopode Fighter on June 7, 2021.
             Was a Follower of Okawaru.
             Slain by an ogre
             ... wielding a +0 giant spiked club
              (21 damage)
             ... on level 4 of the Dungeon.
             The game lasted 00:09:24 (3822 turns).

Tirrikindir the Slasher (Octopode Fighter)          Turns: 3822, Time: 00:09:25

Health: -5/47      AC:  1    Str: 16    XL:     7   Next: 10%
Magic:  8/8        EV: 12    Int: 10    God:    Okawaru [*.....]
Gold:   274        SH:  9    Dex: 13    Spells: 6/6 levels left

rFire    + . .     SeeInvis .   a - +0 long sword
rCold    . . .     Faith    .   b - +0 kite shield
rNeg     . . .     Spirit   .   (helmet restricted)
rPois    +         Reflect  .   (no amulet)
rElec    .         Harm     .   f - ring of poison resistance
rCorr    .         Rampage  .   g - ring of protection from fire
Will     .....                  m - ring of wizardry
Stlth    +++.......             (no ring)
HPRegen  0.15/turn              (no ring)
MPRegen  0.11/turn              (no ring)
                                (no ring)
                                (no ring)

@: no status effects
A: almost no armour, stealthy swim, amphibious, 8 rings, constrict 8, camouflage
1, gelatinous body 1
a: Renounce Religion, Heroism


You were on level 4 of the Dungeon.
You worshipped Okawaru.
Okawaru was aware of your devotion.
You visited 1 branch of the dungeon, and saw 4 of its levels.
You also visited: Sewer.

You collected 274 gold pieces.

Inventory:

Hand Weapons
 a - a +0 long sword (weapon)
Missiles
 n - 14 poisoned darts (quivered)
Armour
 b - a +0 kite shield (worn)
Jewellery
 f - a ring of poison resistance (left tentacle)
 g - a ring of protection from fire (right tentacle)
 k - an uncursed ring of ice
 m - a ring of wizardry (on tentacle)
Wands
 p - a wand of flame (26)
Scrolls
 h - a scroll of amnesia
 i - a scroll of immolation
 j - 2 scrolls of magic mapping
 l - 4 scrolls of teleportation
Potions
 c - 2 potions of might
 d - 2 potions of degeneration {unknown}
 e - a potion of curing
 o - 4 potions of flight


   Skills:
 + Level 3.9 Fighting
 * Level 4.4 Long Blades
 - Level 4.0 Dodging
 - Level 4.0 Stealth
 - Level 4.0 Shields
 + Level 2.0 Invocations
 + Level 0.7 Evocations


You had 6 spell levels left.
You didn't know any spells.
Your spell library was empty.

Dungeon Overview and Level Annotations

Branches:
Dungeon (4/15)              Sewer (visited)
 Temple: D:4-7

Altars:
Makhleb
Okawaru


Innate Abilities, Weirdness & Mutations

You cannot wear most types of armour.
You are very stealthy in the water. (Stealth+)
You are amphibious.
You can wear up to eight rings at the same time.
You can use your tentacles to constrict eight enemies at once.
Your skin changes colour to match your surroundings (Stealth+).
Your rubbery body absorbs attacks. (AC +1, EV +1)


Message History

You hit the ogre but do no damage. You squeeze the ogre, but do no damage.
The ogre is moderately wounded.
Okay, then.
You closely miss the ogre. You squeeze the ogre.
The ogre is moderately wounded.
You block the ogre's attack.
A hound comes into view.
You barely miss the ogre.
The ogre is moderately wounded.
The ogre misses you.
You riposte.
You closely miss the ogre.
The ogre is moderately wounded.
The hound barks!
You slash the ogre!
The ogre is severely wounded.
The hound bites you. You block the ogre's attack.
You hit the ogre.
The ogre is almost dead.
You block the hound's attack. x2
The ogre hits you with a +0 giant spiked club!!
You die...

.## ..##
. ###..#
..
#....###.
#.......
#...$.#
#.....#
#..@O.##
#...h..#
#<...#.#
#....# #
#....#
######


You could see an ogre and a hound.

Vanquished Creatures
  A crimson imp (D:2)
  A hound (D:3)
  Terence (D:2)
  An iguana (D:2)
  2 merfolk sirens (Sewer)
  An orc wizard (D:3)
  A worker ant (D:3)
  A merfolk avatar (Sewer)
  A worker ant zombie (D:3)
  Robin (D:2)
  2 river rats (Sewer)
  6 adders
  2 oozes
  A dart slug (D:1)
  5 leopard geckos
  7 orcs (D:3)
  5 ball pythons
  6 bats
  2 giant cockroaches
  13 hobgoblins
  7 jackals
  3 quokkas
  13 frilled lizards
  13 goblins
  7 kobolds
  42 rats
145 creatures vanquished.

Notes
Turn   | Place    | Note
-------+----------+-------------------------------------------
     0 | D:1      | Tirrikindir the Octopode Fighter began the quest for the
                  | Orb.
     0 | D:1      | Reached XP level 1. HP: 16/16 MP: 1/1
   408 | D:1      | Reached XP level 2. HP: 16/21 MP: 2/2
   674 | D:1      | Reached skill level 1 in Stealth
   797 | D:1      | Reached XP level 3. HP: 25/26 MP: 3/3
  1036 | D:2      | Found an iron altar of Okawaru.
  1046 | D:2      | Became a worshipper of Warmaster Okawaru
  1129 | D:2      | Noticed Robin
  1322 | D:2      | Killed Robin
  1359 | D:2      | Noticed Terence
  1367 | D:2      | Reached XP level 4. HP: 18/31 MP: 4/4
  1370 | D:2      | Killed Terence
  1752 | D:2      | Reached XP level 5. HP: 30/36 MP: 5/5
  2087 | D:2      | Found a burning altar of Makhleb.
  2340 | D:3      | Found a glowing drain.
  2350 | D:3      | Reached skill level 1 in Invocations
  2363 | D:3      | Reached XP level 6. HP: 27/43 MP: 6/6
  2376 | Sewer    | Entered a sewer
  2574 | Sewer    | Reached * piety under Okawaru
  3560 | D:3      | Reached XP level 7. HP: 36/46 MP: 8/8
  3822 | D:4      | Slain by an ogre

Illustrated notes

Levels and vault maps discovered:
D:1:      saegor_arrival_under_anarchy, layout_basic
D:2:      layout_basic, makhleb_grotto_becter, grunt_decor_clamped,
          minmay_misc_feat_pillars, okawaru_gym_becter, uniq_terence, uniq_robin
D:3:      layout_basic, portal_sewer_entry_a
D:4:      layout_rooms, minmay_temple_entry_drinking_statues,
          grunt_decor_resistance, chequers_serial_rivers_marsh, uniq_edmund

Skill      XL: |  1  2  3  4  5  6  7 |
---------------+----------------------+-----
Stealth        | 1 2 3 4 |  4.0
Long Blades    | 3 4 |  4.4
Invocations    | 1 2 |  2.0
Dodging        | 4 |  4.0
Shields        | 4 |  4.0
Fighting       | |  3.9
Evocations     | |  0.7

Action                   |  1- 3 |  4- 6 |  7- 9 || total
-------------------------+-------+-------+-------++-------
Melee: Long sword        |    72 |   148 |    20 ||   240
       Tentacles         |    13 |    29 |     9 ||    51
       Constrict         |    22 |    40 |     8 ||    70
Throw: Dart              |       |     1 |       ||     1
Invok: Heroism           |       |     1 |       ||     1
  Use: Scroll            |     4 |     4 |       ||     8
       Potion            |     3 |     1 |       ||     4
 Stab: Sleeping          |    13 |    12 |     2 ||    27
Armor: Skin              |     4 |    13 |     3 ||    20
Dodge: Dodged            |    20 |    79 |     9 ||   108
Block: Kite shield       |    31 |    55 |    11 ||    97
       Rpst.: Long sword |     7 |    29 |     2 ||    38
